 Dungeon Crawl Stone Soup version 0.22-b1-26-g9dbaab1 (webtiles) character file.

109 Lilu the Conjurer (level 4, -6/24 HPs)
             Began as a Deep Elf Conjurer on Aug 7, 2018.
             Mangled by a gnoll
             ... wielding a +0 spear
              (11 damage)
             ... on level 3 of the Dungeon.
             The game lasted 00:06:31 (2451 turns).

Lilu the Conjurer (Deep Elf Conjurer)               Turns: 2451, Time: 00:06:32

Health: -6/24      AC:  4    Str:  6    XL:     4   Next: 60%
Magic:  10/10      EV: 13    Int: 20    God:
Gold:   49         SH:  0    Dex: 15    Spells: 6/9 levels left

rFire    . . .     SeeInvis .   g - +2 mace (drain)
rCold    . . .     Gourm    .   (no shield)
rNeg     + . .     Faith    .   o - +2 robe {rN+}
rPois    .         Spirit   .   (no helmet)
rElec    .         Reflect  .   (no cloak)
rCorr    .         Harm     .   (no gloves)
MR       .....     Rnd*Tele +   (no boots)
Stlth    ++........             (no amulet)
HPRegen  0.08/turn              e - ring of teleportation (curse)
MPRegen  0.12/turn              b - ring of stealth

@: very slow
A: no striking features
a: no special abilities


You were on level 3 of the Dungeon.
You were not hungry.

You visited 1 branch of the dungeon, and saw 3 of its levels.

You collected 49 gold pieces.

Inventory:

Hand Weapons
 a - a +1 spear of freezing
 g - a +2 mace of draining (weapon)
Missiles
 l - 18 sling bullets
 m - 5 poisoned javelins (quivered)
Armour
 j - a +0 shield
 o - a +2 robe of positive energy (worn)
Jewellery
 b - a ring of stealth (right hand)
 e - a cursed ring of teleportation (left hand)
Scrolls
 d - a scroll of magic mapping {unknown}
 n - a scroll of remove curse {unknown}
Potions
 i - a potion of ambrosia {unknown}
 k - 2 potions of might {unknown}
Comestibles
 c - a ration


   Skills:
 - Level 2.4 Dodging
 - Level 2.4 Stealth
 - Level 3.0 Spellcasting
 + Level 6.7 Conjurations


You had 6 spell levels left.
You knew the following spells:

 Your Spells              Type           Power        Failure   Level  Hunger
a - Magic Dart            Conj           ####         1%          1    None
b - Searing Ray           Conj           ####..       1%          2    ##.....

Your spell library contained the following spells:

 Spells                   Type           Power        Failure   Level  Hunger
 Iskenderun's Mystic Bla  Conj           ####....     9%          4    ####...
 Fulminant Prism          Conj/Hex       ###.......   34%         4    ####...
 Dazzling Spray           Conj/Hex       ###...       11%         3    ###....
 Force Lance              Conj/Tloc      ###.....     34%         4    ####...


Dungeon Overview and Level Annotations

Branches:
Dungeon (3/15)

Altars:
Ashenzari
Cheibriados

Annotations:
D:3 Sigmund, Terence


Message History

You start resting.
Magic restored.
You start resting.
The gnoll is too close now for your liking.
A gnoll is nearby!
A gnoll is nearby!
You completely miss the gnoll.
The gnoll shouts!
The gnoll is severely wounded.
The gnoll closely misses you.
You hit the gnoll.
The gnoll is almost dead.
The gnoll closely misses you.
The gnoll splashes around in the water.
Your unstable footing causes you to fumble your attack.
The gnoll hits you with a spear.
* * * LOW HITPOINT WARNING * * *
You closely miss the gnoll.
The gnoll is almost dead.
The gnoll hits you with a spear!
You die...

#. !# ####
.###
##..♣###
...
#.P....##
..#
##....P..##
..
#.P..P....#
### #..@♣
#†. #..≈g♣
#?.#
#P≈♣≈≈≈
#.g.# #.≈
≈≈♣≈.
..{g## #..
≈≈≈ .>. ..#
#.. ≈≈♣. ..
. ##. .P..♣
. # ##
..... # #


You could see a gnoll.

Vanquished Creatures
  Jessica (D:2)
  2 gnolls (D:3)
  3 adders
  A leopard gecko (D:2)
  A ball python (D:2)
  2 giant cockroaches
  4 goblins (D:1)
  4 hobgoblins
  2 bats
  7 frilled lizards
  8 kobolds
  5 rats
40 creatures vanquished.

Notes
Turn   | Place    | Note
-------+----------+-------------------------------------------
     0 | D:1      | Lilu the Deep Elf Conjurer began the quest for the Orb.
     0 | D:1      | Reached XP level 1. HP: 10/10 MP: 6/6
   491 | D:1      | Reached XP level 2. HP: 4/15 MP: 8/8
   494 | D:1      | Reached skill level 5 in Conjurations
   717 | D:1      | Found a shattered altar of Ashenzari.
  1204 | D:2      | Learned a level 2 spell: Searing Ray
  1209 | D:2      | Found a snail-covered altar of Cheibriados.
  1542 | D:2      | Reached XP level 3. HP: 19/19 MP: 4/9
  1917 | D:2      | Noticed Jessica
  1924 | D:2      | Killed Jessica
  1924 | D:2      | Reached skill level 6 in Conjurations
  2263 | D:3      | Reached XP level 4. HP: 18/24 MP: 8/10
  2288 | D:3      | Noticed Terence
  2349 | D:3      | Noticed Sigmund
  2376 | D:3      | HP: 1/24 [something (8)]
  2451 | D:3      | Mangled by a gnoll

Skill      XL: |  1  2  3 |
---------------+----------+-----
Conjurations   | 5 6 |  6.7
Dodging        | |  2.4
Stealth        | |  2.4
Spellcasting   | |  3.0

Action                   |  1- 3 |  4- 6 || total
-------------------------+-------+-------++-------
Melee: Mace              |    43 |    17 ||    60
       Dagger            |     2 |       ||     2
       Club              |     1 |       ||     1
 Cast: Magic Dart        |    28 |     5 ||    33
       Searing Ray       |     2 |     2 ||     4
  Use: Scroll            |     3 |     1 ||     4
       Potion            |       |     1 ||     1
 Stab: Sleeping          |     4 |       ||     4
  Eat: Chunk             |     3 |       ||     3
       Ration            |       |     1 ||     1
Armor: Robe              |     9 |     5 ||    14
Dodge: Dodged            |    41 |    14 ||    55
